 Dungeon Crawl Stone Soup version 0.24.0-13-gcf9b319 (webtiles) character file.

Game seed: 12582512092282149510, levelgen mode: deterministic

21734 silenth the Fighter (level 12, -9/100 HPs)
             Began as a Vampire Gladiator on Feb 27, 2020.
             Was an Initiate of Gozag.
             Splashed by an oklob plant's acid (15 damage)
             ... on level 3 of the Lair of Beasts.
             The game lasted 00:22:30 (13097 turns).

silenth the Fighter (Vampire Gladiator)            Turns: 13097, Time: 00:22:31

Health: -9/100     AC:  6    Str: 26    XL:     12   Next: 56%
Magic:  13/13      EV: 13    Int: 10    God:    Gozag
Gold:   368        SH: 13    Dex: 17    Spells: 8/11 levels left

rFire    + + +     SeeInvis +   a - +3 scimitar (venom)
rCold    + . .     Gourm    .   i - +2 shield of Resistance {rF+ rC+ MR+}
rNeg     . . .     Faith    .   S - +0 fire dragon scales
rPois    +         Spirit   .   c - +2 helmet
rElec    +         Reflect  .   g - +4 cloak "Zimp" {rC+ Slay+2}
rCorr    .         Harm     .   O - +0 pair of gloves of Limitation {-Tele rElec rPois Str+9}
MR       +++..     NoTele   +   j - +2 pair of boots
Stlth    +++.......             (no amulet)
HPRegen  0.46/turn              l - ring of protection from magic
MPRegen  0.13/turn              (no ring)

@: corroded, gold aura, regenerating quickly
A: no food, fangs 3, see invisible, unbreathing
a: Exsanguinate, Potion Petition, Call Merchant, Bribe Branch, Renounce Religion


You were on level 3 of the Lair of Beasts.
You worshipped Gozag.
Gozag was aware of your devotion.
You were alive.

You visited 2 branches of the dungeon, and saw 15 of its levels.
You also visited: Volcano.

You collected 3542 gold pieces.
You spent 1859 gold pieces at shops.
You paid 1315 gold pieces to Gozag.

Inventory:

Hand Weapons
 a - a +3 scimitar of venom (weapon)
 b - a +4 dagger of electrocution
 M - a +3 rapier of freezing
Missiles
 d - 5 throwing nets (quivered)
Armour
 c - a +2 helmet (worn)
 g - the +4 cloak "Zimp" (worn) {rC+ Slay+2}
   (You found it on level 11 of the Dungeon)

   It affects your accuracy and damage with ranged weapons and melee attacks
   (+2).
   It protects you from cold.
 i - the +2 shield of Resistance (worn) {rF+ rC+ MR+}
   (You bought it in a shop on level 1 of the Lair of Beasts)

   It protects you from fire.
   It protects you from cold.
   It affects your resistance to hostile enchantments.
 j - a +2 pair of boots (worn)
 O - the +0 pair of gloves of Limitation (worn) {-Tele rElec rPois Str+9}
   (You found it in a volcano)

   It affects your strength (+9).
   It insulates you from electricity.
   It protects you from poison.
   It prevents most forms of teleportation.
 S - +0 fire dragon scales (worn)
Jewellery
 l - a ring of protection from magic (left hand)
 v - an uncursed ring of ice
Wands
 e - a wand of disintegration (8)
 x - a wand of digging (3)
 y - a wand of flame (14)
 D - a wand of iceblast (18)
 J - a wand of paralysis (8)
 L - a wand of acid (9)
Scrolls
 h - 2 scrolls of immolation
 o - 4 scrolls of amnesia
 r - 3 scrolls of remove curse
 C - a scroll of teleportation
 F - 3 scrolls of fog
 G - 3 scrolls of blinking
 N - a scroll of enchant armour
Potions
 f - 8 potions of curing
 k - 3 potions of agility {unknown}
 m - 4 potions of lignification
 n - 4 potions of invisibility
 q - 2 potions of berserk rage
 s - 2 potions of haste
 u - 5 potions of might
 w - 2 potions of magic
 z - 3 potions of brilliance
 A - a potion of mutation
 E - 2 potions of cancellation
 H - 5 potions of resistance
 I - 4 potions of heal wounds


   Skills:
 + Level 11.4 Fighting
 - Level 9.7(10.8) Short Blades
 * Level 7.0(9.1) Long Blades
 - Level 2.9 Throwing
 - Level 5.0 Armour
 - Level 8.0 Dodging
 - Level 11.0 Stealth
 + Level 4.2 Shields
 - Level 4.2 Hexes
 - Level 2.0 Evocations


You had 8 spell levels left.
You knew the following spells:

 Your Spells              Type           Power        Failure   Level  Hunger
a - Confusing Touch       Hex            #.....       56%         1    N/A
b - Blink                 Tloc           N/A          99%         2    N/A

Your spell library contained the following spells:

 Spells                   Type           Power        Failure   Level  Hunger
 Slow                     Hex            #.......     71%         2    N/A
 Confuse                  Hex            #.......     91%         3    N/A
 Magic Dart               Conj           #...         99%         1    N/A
 Call Imp                 Summ           #.......     99%         2    N/A
 Conjure Flame            Conj/Fire      #.......     100%        3    N/A
 Gell's Gravitas          Tloc           #.........   100%        3    N/A
 Mephitic Cloud           Conj/Pois/Air  #.......     100%        3    N/A
 Petrify                  Tmut/Erth      #.......     100%        4    N/A
 Metabolic Englaciation   Hex/Ice        #.........   100%        5    N/A
 Yara's Violent Unravell  Hex/Tmut       #.........   100%        5    N/A

Dungeon Overview and Level Annotations

Branches:
Dungeon (11/15)            Temple (0/1) D:5            Lair (4/6) D:11
  Snake (0/4) Lair:3          Orc (0/2) D:9         Volcano (visited)
  Swamp: Lair:2-4    Shoals: Lair:2-4

Altars:
Ashenzari
Cheibriados
Dithmenos
Fedhas
Gozag
Hepliaklqana
Nemelex Xobeh
Qazlal
Trog
Vehumet
Xom
Zin

Shops:
D:7 }   D:10 !   Lair:1 [*

Annotations:
D:3 3 runed translucent doors, dylex's ghost, amateur DDHu
D:10 3 runed translucent doors, Sin92's ghost, novice DsFi; cerealjynx's ghost, novice GnCK
Lair:1 3 runed translucent doors, Hoer's ghost, journeyman GnCK
Lair:3 exclusion: 2 oklob plants


Innate Abilities, Weirdness & Mutations

You do not eat.
Your natural rate of healing is unusually fast.
You have razor-sharp teeth.
You have supernaturally acute eyesight. (SInv)
You can survive without breathing.


Message History

The oklob plant spits acid at you. The splash of acid hits you.
The acid corrodes you!
You are splashed with acid!
You hit the oklob plant but do no damage.
The oklob plant is poisoned.
The oklob plant is severely damaged.
The oklob plant spits acid at you. The splash of acid hits you.
The acid corrodes you!
You are splashed with acid!
You hit the oklob plant but do no damage.
The oklob plant is severely damaged.
The oklob plant spits acid at you. The splash of acid hits you!
* * * LOW HITPOINT WARNING * * *
The acid corrodes you!
You are splashed with acid!
* * * LOW HITPOINT WARNING * * *
The oklob plant spits acid at you. The splash of acid hits you!
* * * LOW HITPOINT WARNING * * *
You are splashed with acid!
You die...
Your body crumbles into a pile of gold.

### ###### ### ##.### #PP..# #..
.....# #[..$# #.. .....## #$..@#
#.. ......### #...$# ##.§
.......P# ###PP$P## #≈.§
.......## #.......# #...
.......####P.....#.# ##).
......#.........############ #§.
...............##.##..#.##.## #..
........(#..##..............###..
....................###.#........


You could see 2 oklob plants.

Vanquished Creatures
  A catoblepas (D:11)
  A hell hog (Volcano)
  A fire crab (Volcano)
  An unseen horror (D:11)
  An ugly thing (D:11)
  2 oklob plants
  A cyclops (D:11)
  A manticore (D:11)
  2 centaur zombies (D:11)
  A black mamba (Lair:2)
  An elephant (Lair:3)
  2 centaur skeletons
  8 spiny frogs
  2 rime drakes
  5 komodo dragons
  A kobold demonologist (D:11)
  A hornet (D:11)
  7 hippogriffs
  A spriggan (D:7)
  A wyvern (Lair:4)
  A vampire (D:9)
  15 yaks
  2 wraiths (D:10)
  3 basilisks
  A hungry ghost (D:10)
  3 steam dragons (Volcano)
  Edmund (D:5)
  A hell hound (Volcano)
  3 water moccasins
  3 porcupines
  4 sky beasts
  A necrophage (D:7)
  2 ice beasts
  2 phantoms
  A black bear (D:11)
  A hornet zombie (D:10)
  2 orc warriors
  6 ogres
  4 centaurs
  6 crocodiles
  Blork the orc (D:4)
  7 bullfrogs
  A gnoll sergeant (D:5)
  7 scorpions
  3 wights (D:8)
  6 howler monkeys
  3 electric eels
  5 crimson imps
  A quasit (D:11)
  A bullfrog zombie (D:5)
  A bullfrog skeleton (D:9)
  6 hounds
  7 orc priests
  A jelly (D:10)
  Ijyb (D:4)
  An iguana (D:6)
  3 orc wizards
  8 worker ants
  2 killer bee zombies
  A worker ant zombie (D:7)
  12 gnolls
  10 adders
  A howler monkey skeleton (D:11)
  2 shadow imps
  2 oozes
  2 worms (D:2)
  2 dart slugs
  6 leopard geckos
  47 orcs
  A ball python (D:2)
  9 bats
  7 giant cockroaches
  6 goblins
  8 hobgoblins
  12 jackals
  7 quokkas
  2 frilled lizards
  A jackal skeleton (D:7)
  13 kobolds
  A leopard gecko skeleton (D:8)
  A leopard gecko zombie (D:6)
  A quokka zombie (D:6)
  6 rats
  A plant (Lair:3)
329 creatures vanquished.

Vanquished Creatures (others)
  Maurice (D:11)
  A plant (D:11)
  4 withered plants (D:10)
6 creatures vanquished.

Grand Total: 335 creatures vanquished

Notes
Turn   | Place    | Note
-------+----------+-------------------------------------------
     0 | D:1      | silenth the Vampire Gladiator began the quest for the Orb.
     0 | D:1      | Reached XP level 1. HP: 16/16 MP: 1/1
   231 | D:1      | Reached skill level 2 in Fighting
   243 | D:1      | Reached XP level 2. HP: 22/22 MP: 2/2
   713 | D:2      | Found a hazy altar of Hepliaklqana.
   752 | D:2      | Reached skill level 1 in Short Blades
   752 | D:2      | Reached XP level 3. HP: 27/27 MP: 3/3
   822 | D:2      | Reached skill level 2 in Throwing
   881 | D:2      | Found a blossoming altar of Fedhas.
   923 | D:2      | Found an opulent altar of Gozag.
   940 | D:2      | Found a snail-covered altar of Cheibriados.
   978 | D:2      | Became a worshipper of Gozag Ym Sagoz the Greedy
  1016 | D:2      | Found a sparkling altar of Nemelex Xobeh.
  1129 | D:2      | Reached XP level 4. HP: 34/34 MP: 4/4
  1315 | D:2      | Found a stormy altar of Qazlal.
  1316 | D:2      | Noticed a water elemental
  1318 | D:2      | Noticed an earth elemental
  1318 | D:2      | Noticed a fire elemental
  1318 | D:2      | Noticed an air elemental
  1458 | D:3      | Noticed a sky beast
  1488 | D:3      | Killed a sky beast
  1488 | D:3      | Reached skill level 2 in Short Blades
  1488 | D:3      | Reached skill level 4 in Dodging
  1488 | D:3      | Reached skill level 1 in Stealth
  1488 | D:3      | Reached XP level 5. HP: 11/39 MP: 5/5
  1636 | D:3      | Reached skill level 2 in Stealth
  1688 | D:3      | Found a runed translucent gate.
  1780 | D:3      | Found a runed translucent gate.
  1780 | D:3      | Found a runed translucent gate.
  1785 | D:3      | Noticed dylex's ghost (amateur DDHu)
  1817 | D:3      | Reached skill level 3 in Short Blades
  2242 | D:4      | Reached skill level 3 in Fighting
  2242 | D:4      | Reached XP level 6. HP: 31/47 MP: 6/6
  2285 | D:4      | Reached skill level 3 in Stealth
  2328 | D:4      | Noticed Ijyb
  2329 | D:4      | Noticed Blork the orc
  2357 | D:4      | Killed Blork the orc
  2357 | D:4      | Reached skill level 4 in Short Blades
  2364 | D:4      | Killed Ijyb
  2377 | D:4      | Reached XP level 7. HP: 15/52 MP: 7/7
  2586 | D:4      | Reached skill level 4 in Stealth
  2761 | D:5      | Entered Level 5 of the Dungeon
  2800 | D:5      | Found a shattered altar of Ashenzari.
  2870 | D:5      | Reached skill level 5 in Short Blades
  3159 | D:5      | Reached skill level 4 in Fighting
  3244 | D:5      | Found a staircase to the Ecumenical Temple.
  3314 | D:5      | Reached skill level 6 in Short Blades
  3525 | D:5      | Noticed Edmund
  3534 | D:5      | Killed Edmund
  3534 | D:5      | Reached XP level 8. HP: 61/61 MP: 8/8
  3623 | D:5      | Found a bloodstained altar of Trog.
  3796 | D:6      | Learned a level 1 spell: Confusing Touch
  4002 | D:6      | Reached skill level 7 in Short Blades
  4380 | D:6      | Reached skill level 1 in Shields
  4440 | D:6      | Reached skill level 5 in Fighting
  4440 | D:6      | Reached skill level 5 in Stealth
  4492 | D:6      | Noticed a hippogriff
  4514 | D:6      | Killed a hippogriff
  4514 | D:6      | Reached skill level 8 in Short Blades
  4679 | D:7      | Reached skill level 2 in Shields
  4693 | D:7      | Reached skill level 6 in Stealth
  4710 | D:7      | Reached XP level 9. HP: 53/68 MP: 9/9
  4858 | D:7      | Reached skill level 9 in Short Blades
  4980 | D:7      | Reached skill level 3 in Shields
  5022 | D:7      | Found a glowing silver altar of Zin.
  5322 | D:7      | Found Pattyr's Gadget Shop.
  5722 | D:8      | Reached skill level 1 in Evocations
  5727 | D:8      | Reached skill level 6 in Fighting
  6052 | D:8      | Found a radiant altar of Vehumet.
  6092 | D:8      | Found a shadowy altar of Dithmenos.
  6246 | D:9      | Reached skill level 2 in Evocations
  6277 | D:9      | Found a staircase to the Orcish Mines.
  6305 | D:9      | Reached skill level 4 in Shields
  6508 | D:9      | Found a hazy altar of Hepliaklqana.
  6541 | D:9      | Reached skill level 7 in Fighting
  6647 | D:9      | Reached XP level 10. HP: 79/79 MP: 11/11
  6826 | D:9      | Reached skill level 1 in Hexes
  7046 | D:9      | Found a shimmering altar of Xom.
  7064 | D:9      | Reached skill level 2 in Hexes
  7222 | D:10     | Entered Level 10 of the Dungeon
  7233 | D:10     | Reached skill level 1 in Armour
  7350 | D:10     | Reached skill level 7 in Stealth
  7354 | D:10     | Reached skill level 3 in Hexes
  7443 | D:10     | Reached skill level 8 in Fighting
  7443 | D:10     | Reached skill level 2 in Armour
  7470 | D:10     | Reached skill level 4 in Hexes
  7533 | D:10     | Reached skill level 8 in Stealth
  7616 | D:10     | Found a runed translucent gate.
  7616 | D:10     | Found a runed translucent gate.
  7616 | D:10     | Found a runed translucent gate.
  7643 | D:10     | Noticed cerealjynx's ghost (novice GnCK)
  7644 | D:10     | Noticed Sin92's ghost (novice DsFi)
  7855 | D:10     | Found Gedowoas's Distillery.
  7865 | D:10     | Bought a potion of might for 48 gold pieces
  7865 | D:10     | Bought a potion of heal wounds for 60 gold pieces
  7865 | D:10     | Bought a potion of curing for 36 gold pieces
  7865 | D:10     | Bought a potion of curing for 36 gold pieces
  7865 | D:10     | Bought a potion of curing for 36 gold pieces
  7865 | D:10     | Bought a potion of lignification for 36 gold pieces
  7945 | D:10     | Found a shimmering altar of Xom.
  7945 | D:10     | Noticed an oklob plant
  7959 | D:10     | Killed an oklob plant
  7959 | D:10     | Reached skill level 9 in Stealth
  8187 | D:11     | Noticed a rust devil
  8284 | D:11     | Reached skill level 10 in Stealth
  8345 | D:11     | Noticed a white ugly thing
  8346 | D:11     | Noticed Maurice
  8358 | D:11     | Killed a white ugly thing
  8358 | D:11     | Reached skill level 9 in Fighting
  8363 | D:11     | Killed Maurice
  8363 | D:11     | Reached XP level 11. HP: 36/89 MP: 12/12
  8695 | D:11     | Found a staircase to the Lair.
  8760 | D:11     | Reached skill level 10 in Fighting
  8787 | D:11     | Noticed a catoblepas
  9100 | D:11     | Noticed an unseen horror
  9106 | D:11     | Got a polished cloak
  9112 | D:11     | Identified the +4 cloak "Zimp" {rC+ Slay+2} (You found it
                  | on level 11 of the Dungeon)
  9145 | D:11     | Killed an unseen horror
  9145 | D:11     | Reached skill level 5 in Dodging
  9273 | D:11     | Killed a catoblepas
  9893 | Lair:1   | Entered Level 1 of the Lair of Beasts
  9927 | Lair:1   | Reached skill level 3 in Armour
  9940 | Lair:1   | Reached skill level 11 in Stealth
 10147 | Lair:1   | Reached skill level 6 in Dodging
 10365 | Lair:1   | Found a runed translucent gate.
 10374 | Lair:1   | Noticed Hoer's ghost (journeyman GnCK)
 10375 | Lair:1   | Found a runed translucent gate.
 10376 | Lair:1   | Found a runed translucent gate.
 10376 | Lair:1   | Noticed a seven-headed hydra
 10802 | Lair:2   | Reached skill level 4 in Long Blades
 11025 | Lair:2   | Identified a scroll of acquirement
 11061 | Lair:2   | Reached skill level 4 in Armour
 11393 | Lair:3   | Noticed an oklob plant
 11401 | Lair:3   | Reached XP level 12. HP: 99/99 MP: 13/13
 11425 | Lair:3   | Reached skill level 11 in Fighting
 11425 | Lair:3   | Reached skill level 7 in Dodging
 11548 | Lair:3   | Learned a level 2 spell: Blink
 11572 | Lair:3   | Found a dark tunnel.
 11580 | Volcano  | Entered a volcano
 11606 | Volcano  | Got a pair of dazzling gloves
 11680 | Volcano  | Identified the cursed +0 pair of gloves of Limitation
                  | {-Tele rElec rPois Str+9} (You found it in a volcano)
 11721 | Volcano  | Reached skill level 5 in Long Blades
 11745 | Volcano  | Noticed a hell hog
 11749 | Volcano  | Killed a hell hog
 12202 | Lair:3   | Found a staircase to the Snake Pit.
 12744 | Lair:4   | Reached skill level 6 in Long Blades
 12755 | Lair:4   | Reached skill level 5 in Armour
 12781 | Lair:4   | Reached skill level 8 in Dodging
 12969 | Lair:1   | Bought a pair of fine gloves for 275 gold pieces
 12979 | Lair:1   | Identified the +1 pair of gloves of Objectivity {Int+4}
                  | (You bought it in a shop on level 1 of the Lair of Beasts)
 12996 | Lair:1   | Bought the +2 shield of Resistance {rF+ rC+ MR+} for 1274
                  | gold pieces
 12996 | Lair:1   | Found the +2 shield of Resistance {rF+ rC+ MR+}
 12996 | Lair:1   | Bought a smoky coppery potion for 27 gold pieces
 12996 | Lair:1   | Bought a scroll labeled PEOMER USUNAVO for 31 gold pieces
 13087 | Lair:3   | Reached skill level 7 in Long Blades
 13097 | Lair:3   | HP: 6/100 [oklob plant/splash of acid (10)]
 13097 | Lair:3   | Splashed by an oklob plant's acid

Levels and vault maps discovered:
D:1:      dpeg_arrival_radiant, layout_basic
D:2:      layout_loops_ring, lemuel_round_altar, grunt_gozag_statues,
          lemuel_round_altar, nemelex_xobeh_ov_fountains_minmay,
          kennysheep_slug_shrine, nicolae_qazlal_style_of_elements
D:3:      layout_basic, first_ration, gammafunk_ghost_necromancy,
          minmay_misc_feat_alley
D:4:      layout_rooms, lemuel_old_faithful, uniq_blork_the_orc, uniq_ijyb
D:5:      layout_basic, kennysheep_little_box, ashenzari_altar_1, temple_green,
          uniq_edmund
D:6:      layout_cave_pods
D:7:      layout_basic, zin_statuary, serial_shops, shop, nrook_pool_corridor,
          the_bakery
D:8:      layout_rooms, kennysheep_mini_moat, kennysheep_mini, minivault_24
D:9:      layout_small_grid, hiddenorc2_lemuel, hangedman_feature_mirror,
          st_stairs_12
D:10:     layout_irregular_city, serial_shops, shop, gammafunk_ghost_cemetery,
          lemuel_oklob_altar
D:11:     minmay_recursive_quarters, layout_irregular_city, david_lair_shrubbed,
          uniq_maurice
Lair:1:   layout_regular_city, gammafunk_ghost_split
Lair:2:   layout_long_grid, chequers_serial_rivers_micro_d
Lair:3:   layout_cave_pods, dummy_snake_entry, nicolae_volcano_entry_hallway,
          minmay_lair_oklob_chamber, grunt_megastairs_2, serial_bayou_shore_a
Lair:4:   layout_loops_ring, shoals_dummy_entry, minmay_shattered_shrine,
          lemuel_fruit_fields

Skill      XL: |  1  2  3  4  5  6  7  8  9 10 11 12 |
---------------+-------------------------------------+-----
Fighting       | 2 3 4 5 7 9 10 11 | 11.4
Short Blades   | 1 2 3 4 6 8 9 |  9.7
Throwing       | 2 |  2.9
Dodging        | 4 6 8 |  8.0
Stealth        | 1 2 3 4 6 10 11 | 11.0
Shields        | 2 4 |  4.2
Evocations     | 2 |  2.0
Hexes          | 4 |  4.2
Armour         | 2 4 5 |  5.0
Long Blades    | 4 7 |  7.0

Action                   |  1- 3 |  4- 6 |  7- 9 | 10-12 || total
-------------------------+-------+-------+-------+-------++-------
Melee: Long sword        |    23 |    16 |       |       ||    39
       Dagger            |    75 |   114 |   496 |   299 ||   984
       Bite              |     8 |    10 |    53 |    92 ||   163
       Scimitar          |       |       |       |   251 ||   251
Throw: Throwing net      |       |       |       |     1 ||     1
Invok: Potion Petition   |       |     1 |       |       ||     1
       Call Merchant     |       |       |       |     2 ||     2
Evoke: Wand              |       |       |     6 |    14 ||    20
  Use: Scroll            |     4 |     1 |     8 |    18 ||    31
       Potion            |       |       |     1 |     2 ||     3
 Stab: Sleeping          |     2 |     3 |    12 |    18 ||    35
       Distracted        |       |       |     4 |     3 ||     7
       Held in net/web   |       |       |       |     2 ||     2
Armor: Leather armour    |    29 |    26 |    48 |    87 ||   190
       Ring mail         |       |       |    40 |       ||    40
       Fire dragon scale |       |       |       |    28 ||    28
Dodge: Dodged            |    72 |    68 |   219 |   263 ||   622
Block: Buckler           |       |       |    56 |   108 ||   164
       Shield            |       |       |       |     6 ||     6
       Rpst.: Long sword |    10 |     6 |       |       ||    16
       Scimitar          |       |       |       |    36 ||    36
